AoeStats
← Everest_Эверест

Black Forest

509583583Analyzed
4v4 RM · 5d ago on Sep 27, 2026· 51m 8s· 8 players
Game mode
Random Map
Map size
Large (8 player)
Population
200
Speed
Normal
Resources
Standard
Victory
Conquest
Starting age
Dark Age
Ending age
Imperial Age
RankedLock teamsTeams togetherTeam positionsShared explorationLock speedFull tech treeHidden civsTurbo modeCheats
Victory
Defeat
🇳🇱 Saracens · Netherlands
1080
+11
🇷🇺 Georgians · Russia
1047
+12
🇳🇱 Chinese · Netherlands
1032
+13
🇮🇩 Turks · Indonesia
932
+17
🇷🇴 Malians · Romania
984
-14
🇲🇽 Spanish · Mexico
969
-14
🇩🇪 Khmer · Germany
961
-13
924
-12
AysseR
3:13 Loom
20:52 Feudal Age
Everest_Эверест
8:02 Loom
12:07 Feudal Age
13:25 Double-Bit Axe
13:29 Horse Collar
17:37 Castle Age
15:36 Stone Mining
16:55 Gold Mining
20:06 Bow Saw
20:25 Fletching
22:53 Bodkin Arrow
24:57 Padded Archer Armor
28:25 Wheelbarrow
30:37 Hand Cart
31:11 Leather Archer Armor
33:30 Ballistics
33:26 Heavy Plow
33:45 Fishing Lines
37:14 Imperial Age
36:28 Chatras
36:44 Husbandry
37:21 Elite Battle Elephant
38:14 Bloodlines
39:05 Stone Shaft Mining
40:07 Chemistry
39:09 Town Watch
40:29 Forging
40:24 Scale Barding Armor
46:09 Paper Money
48:45 Iron Casting
48:30 Chain Barding Armor
Heftilus
4:32 Loom
13:36 Feudal Age
16:40 Castle Age
14:41 Double-Bit Axe
14:46 Horse Collar
17:33 Bow Saw
29:28 Imperial Age
27:24 Fishing Lines
30:02 Wheelbarrow
29:26 Stone Mining
32:06 Gillnets
33:00 Elite Ballista Elephant
35:44 Hand Cart
35:24 Gold Mining
36:11 Stone Shaft Mining
36:34 Double Crossbow
36:58 Heavy Plow
37:42 Gold Shaft Mining
36:55 Town Watch
37:36 Conscription
38:13 Crop Rotation
38:09 Siege Engineers
39:05 Chemistry
39:01 Hoardings
39:17 Husbandry
39:28 Bloodlines
39:25 Scale Barding Armor
40:40 Chain Barding Armor
40:43 Ballistics
41:27 Devotion
42:58 Town Patrol
43:36 Plate Barding Armor
43:38 Faith
43:37 Caravan
44:13 Fervor
44:24 Sanctity
44:17 Forging
44:01 Fletching
45:14 Bodkin Arrow
45:32 Masonry
46:06 Bracer
46:44 Architecture
46:10 Murder Holes
49:55 Fortified Wall
50:28 Forging
50:21 Scale Mail Armor
50:13 Guard Tower
50:51 Illumination
51:09 Coinage
51:47 Iron Casting
51:29 Chain Mail Armor
Javier137649
0:37 Loom
15:01 Feudal Age
22:39 Castle Age
22:26 Double-Bit Axe
22:27 Horse Collar
willem.goossenss
0:39 Loom
24:12 Feudal Age
28:54 Double-Bit Axe
30:49 Wheelbarrow
34:09 Castle Age
33:07 Fletching
33:18 Padded Archer Armor
39:07 Imperial Age
36:55 Squires
36:41 Arson
37:36 Forging
37:27 Scale Mail Armor
37:04 Pikeman
39:32 Chain Mail Armor
39:18 Halberdier
42:51 Plate Mail Armor
43:16 Iron Casting
45:24 Town Watch
45:54 Bow Saw
46:53 Town Patrol
52:41 Blast Furnace
Big Joey
11:59 Feudal Age
11:03 Loom
15:36 Castle Age
13:32 Double-Bit Axe
16:35 Bow Saw
16:17 Horse Collar
20:09 Gold Mining
23:35 Heavy Plow
24:56 Gold Shaft Mining
31:29 Imperial Age
28:49 Loom
29:11 Fishing Lines
30:42 Bimaristan
30:49 Bloodlines
30:40 Husbandry
31:07 Fletching
32:39 Wheelbarrow
32:34 Conscription
32:22 Scale Barding Armor
32:36 Bodkin Arrow
34:51 Bracer
37:16 Hand Cart
36:50 Town Watch
38:09 Gillnets
38:08 Elite Mameluke
41:10 Two-Man Saw
40:33 Chain Barding Armor
41:25 Counterweights
44:12 Plate Barding Armor
43:50 Forging
44:18 Onager
45:41 Iron Casting
46:10 Chemistry
45:30 Ballistics
45:17 Siege Engineers
47:24 Blast Furnace
51:13 Stone Mining
PGLEGWS
11:45 Feudal Age
15:31 Double-Bit Axe
16:04 Horse Collar
18:36 Castle Age
16:46 Fishing Lines
18:20 Gold Mining
18:22 Stone Mining
20:38 Bow Saw
26:10 Wheelbarrow
25:33 Elite Skirmisher
27:16 Hand Cart
27:24 Padded Archer Armor
27:14 Fletching
31:53 Scale Barding Armor
31:59 Forging
36:15 Imperial Age
33:32 Town Watch
36:59 Ballistics
36:43 Scale Mail Armor
37:06 Chain Barding Armor
37:21 Iron Casting
36:36 Fletching
37:01 Leather Archer Armor
37:22 Conscription
39:38 Chemistry
38:27 Arrowslits
38:49 Siege Engineers
39:53 Plate Barding Armor
40:18 Blast Furnace
40:09 Caravan
39:55 Elite Monaspa
40:46 Guard Tower
43:14 Keep
43:15 Town Patrol
45:48 Svan Towers
50:14 Capped Ram
ddmgsxis89228
1:09 Loom
11:38 Feudal Age
19:31 Castle Age
18:25 Double-Bit Axe
21:15 Fishing Lines
26:46 Imperial Age
26:30 Bow Saw
33:07 Bloodlines
37:03 Wheelbarrow
38:05 Two-Man Saw
37:15 Gillnets
37:40 Horse Collar
39:28 Husbandry
39:53 Hand Cart
39:40 Heavy Plow
41:43 Elite Janissary
42:45 Conscription
42:26 Artillery
42:42 Padded Archer Armor
44:06 Ballistics
44:05 Leather Archer Armor
46:28 Ring Archer Armor
Connection lost

Rejoining the realm…

Still unreachable

The connection could not be restored.

Session expired

The server has moved on; the page needs a fresh start.